AoeStats
← 文風

Arabia

510065572Analyzed
1v1 RM · 2d ago on Sep 29, 2026· 38m 40s· 2 players
Game mode
Random Map
Map size
Tiny (2 player)
Population
200
Speed
Normal
Resources
Standard
Victory
Conquest
Starting age
Dark Age
Ending age
Imperial Age
RankedLock teamsTeams togetherTeam positionsShared explorationLock speedFull tech treeHidden civsTurbo modeCheats
Victory
Defeat
🇮🇳 Turks · India
1557
+15
🇭🇰 Spanish · Hong Kong SAR China
1526
-15
文風
11:48 Feudal Age
13:27 Loom
17:13 Castle Age
22:33 Double-Bit Axe
25:46 Bow Saw
30:08 Wheelbarrow
30:36 Town Watch
32:19 Fletching
37:01 Imperial Age
36:20 Ballistics
36:18 Squires
35:39 Pikeman
36:52 Horse Collar
37:52 Bodkin Arrow
37:58 Padded Archer Armor
37:58 Scale Mail Armor
38:10 Heavy Plow
37:58 Elite Skirmisher
Chaos
6:33 Loom
9:46 Feudal Age
11:19 Double-Bit Axe
16:11 Wheelbarrow
15:56 Fletching
17:47 Arson
22:41 Castle Age
21:03 Horse Collar
22:44 Gold Mining
23:44 Bow Saw
23:30 Bodkin Arrow
24:46 Padded Archer Armor
26:02 Ballistics
26:40 Padded Archer Armor
28:54 Bloodlines
30:13 Hand Cart
34:57 Imperial Age
33:05 Leather Archer Armor
32:53 Husbandry
33:38 Thumb Ring
35:25 Scale Barding Armor
35:30 Forging
35:40 Bracer
36:04 Bombard Tower
37:01 Sipahi
37:17 Parthian Tactics
36:19 Heavy Cavalry Archer
38:19 Ring Archer Armor
39:00 Chain Barding Armor
Connection lost

Rejoining the realm…

Still unreachable

The connection could not be restored.

Session expired

The server has moved on; the page needs a fresh start.